 Dungeon Crawl Stone Soup version 0.23.0 (webtiles) character file.

Game seed: 765175857227278683

121 Mgcat the Grave Robber (level 5, 0/42 HPs)
             Began as a Hill Orc Necromancer on Feb 14, 2019.
             Succumbed to a kobold's poison
             ... on level 2 of the Dungeon.
             The game lasted 00:06:16 (3222 turns).

Mgcat the Grave Robber (Hill Orc Necromancer)       Turns: 3222, Time: 00:06:17

Health: 0/42       AC: 10    Str: 17    XL:     5   Next: 5%
Magic:  8/8        EV: 10    Int: 15    God:
Gold:   97         SH:  0    Dex: 11    Spells: 6/8 levels left

rFire    . . .     SeeInvis .   j - +2 short sword (elec)
rCold    . . .     Gourm    .   (no shield)
rNeg     + . .     Faith    .   e - +0 scale mail
rPois    .         Spirit   .   n - +2 helmet
rElec    .         Reflect  .   p - +0 cloak
rCorr    .         Harm     .   (no gloves)
MR       .....                  (no boots)
Stlth    ..........             (no amulet)
HPRegen  0.14/turn              m - ring of positive energy {rN+}
MPRegen  0.11/turn              (no ring)

@: mighty, lethally poisoned (0 -> -22), flying
A: no striking features
a: no special abilities


You were on level 2 of the Dungeon.
You were not hungry.

You visited 1 branch of the dungeon, and saw 3 of its levels.

You collected 97 gold pieces.

Inventory:

Hand Weapons
 j - a +2 short sword of electrocution (weapon)
   (You took it off a kobold on level 2 of the Dungeon)
Armour
 e - a +0 scale mail (worn)
   (You found it on level 2 of the Dungeon)
 n - a +2 helmet (worn)
   (You took it off Robin on level 2 of the Dungeon)
 p - a +0 cloak (worn)
   (You took it off Crazy Yiuf on level 2 of the Dungeon)
Jewellery
 i - an uncursed ring of fire {rF+, rC-}
   (You took it off a kobold on level 2 of the Dungeon)
 m - a ring of positive energy (left hand) {rN+}
   (You found it on level 2 of the Dungeon)
Wands
 o - a wand of polymorph (5)
   (You took it off Robin on level 2 of the Dungeon)
Scrolls
 b - 3 scrolls of amnesia {unknown}
 d - a scroll of enchant armour {unknown}
 f - a scroll of random uselessness {unknown}
 k - 3 scrolls of teleportation {unknown}
 l - a scroll of immolation {unknown}
Comestibles
 c - 6 rations
 h - 6 chunks of flesh {@w0}


   Skills:
 + Level 2.4 Fighting
 + Level 2.1 Armour
 - Level 1.5 Dodging
 - Level 1.5 Stealth
 - Level 2.3 Spellcasting
 - Level 4.6 Necromancy


You had 6 spell levels left.
You knew the following spells:

 Your Spells              Type           Power        Failure   Level  Hunger
a - Pain                  Necr           ###.         11%         1    #......
b - Animate Skeleton      Necr           N/A          11%         1    #......

Your spell library contained the following spells:

 Spells                   Type           Power        Failure   Level  Hunger
 Vampiric Draining        Necr           ###.......   32%         3    ###....
 Regeneration             Chrm/Necr      #.........   65%         3    ###....
 Animate Dead             Necr           N/A          73%         4    #####..


Dungeon Overview and Level Annotations

Branches:
Dungeon (3/15)

Altars:
Dithmenos


Message History

The worm is lightly wounded.
The rat closely misses you. The worm closely misses you.
You hit the worm.
The worm is moderately wounded.
The rat closely misses you.
The kobold shoots a poisoned needle.
The poisoned needle hits you!
You are poisoned.
A ball python comes into view.
The rat barely misses you.
The ball python hisses angrily.
You hit the worm.
The worm is severely wounded.
You feel sick. The worm barely misses you. The rat misses you.
You barely miss the worm.
The worm is heavily wounded.
The adder hisses angrily.
The kobold shoots a poisoned needle.
The poisoned needle hits you!
You are more poisoned.
The rat misses you. The worm bites you!
You take 7 damage, and have 29/42 hp.
You are too injured to fight recklessly!
You are too injured to fight recklessly!
You feel sick.
The kobold shoots a poisoned needle.
The poisoned needle hits you!
You are more poisoned.
There is a stone staircase leading down here.
You see here a poisoned needle.
You take 1 damage, and have 28/42 hp.
You feel sick. The rat bites you but does no damage.
There is a stone staircase leading up here.
You take 2 damage, and have 26/42 hp.
You feel sick.
The kobold shoots a poisoned needle.
The poisoned needle hits you!
You are lethally poisoned!
The rat barely misses you.
You climb upwards.
You feel very sick.
There is a stone staircase leading down here.
You take 5 damage, and have 21/42 hp.
You hit the rat but do no damage.
You feel sick. The rat barely misses you.
You take 2 damage, and have 19/42 hp.
You barely miss the rat.
You feel sick. The rat bites you but does no damage.
You take 1 damage, and have 18/42 hp.
You barely miss the rat.
You feel sick. The rat bites you but does no damage.
You take 2 damage, and have 16/42 hp.
You barely miss the rat.
You feel sick. The rat bites you but does no damage.
You take 2 damage, and have 14/42 hp.
You completely miss the rat.
You feel sick. The rat completely misses you.
You take 1 damage, and have 13/42 hp.
Your scale mail prevents you from hitting the rat.
* * * LOW HITPOINT WARNING * * *
You feel sick. The rat barely misses you.
You take 1 damage, and have 12/42 hp.
You hit the rat. Lightning courses through the rat!!
You kill the rat!
* * * LOW HITPOINT WARNING * * *
You feel sick.
You take 2 damage, and have 10/42 hp.
It was a potion of flight.
You feel very buoyant.
You fly up into the air.
* * * LOW HITPOINT WARNING * * *
You feel sick.
It was a potion of might.
You feel very mighty all of a sudden.
* * * LOW HITPOINT WARNING * * *
You feel sick.
You take 1 damage, and have 9/42 hp.
Unknown command.
Unknown command.
Unknown command.
Okay, then.
Unknown command.
* * * LOW HITPOINT WARNING * * *
You feel sick.
You fly downwards.
* * * LOW HITPOINT WARNING * * *
You feel sick. The adder bites you but does no damage.
The kobold shoots a poisoned needle.
The poisoned needle closely misses you. The worm bites you but does no damage.
The adder closely misses you.
The kobold shoots a poisoned needle.
The poisoned needle closely misses you.
There is a stone staircase leading up here.
You see here a poisoned needle.
You take 2 damage, and have 7/42 hp.
Unknown command.
Unknown command.
Unknown command.
You barely miss the adder.
* * * LOW HITPOINT WARNING * * *
You feel sick. The adder bites you but does no damage. The worm bites you.
* * * LOW HITPOINT WARNING * * *
The kobold shoots a poisoned needle.
The poisoned needle hits you!
You are more poisoned.
* * * LOW HITPOINT WARNING * * *
You feel sick. The adder bites you but does no damage.
The kobold shoots a poisoned needle.
The poisoned needle hits you.
You are more poisoned.
The adder closely misses you. The worm barely misses you.
You fly upwards.
You die...

#.# #..§#§§§##.#
#.############.#.#.#.#.#
#...........##.§§§_§§§.#
#...÷.......##.#.#.#.###
#...........##..#.§§##
#...........###..#§##
#..[........# #....#
#...........###S####
#.............w@#
##..........#####
############


You could see a worm and an adder.

Vanquished Creatures
  Crazy Yiuf (D:2)
  Robin (D:2)
  2 adders
  A worm (D:2)
  A dart slug (D:1)
  4 leopard geckos
  5 bats
  4 giant cockroaches
  15 goblins
  6 hobgoblins
  2 jackals (D:1)
  3 frilled lizards
  4 kobolds
  8 rats
57 creatures vanquished.

Notes
Turn   | Place    | Note
-------+----------+-------------------------------------------
     0 | D:1      | Mgcat the Hill Orc Necromancer began the quest for the Orb.
     0 | D:1      | Reached XP level 1. HP: 14/14 MP: 3/3
   329 | D:1      | Reached XP level 2. HP: 20/20 MP: 2/4
   369 | D:1      | Learned a level 1 spell: Animate Skeleton
   450 | D:1      | Reached skill level 2 in Spellcasting
   648 | D:1      | HP: 5/20 [jackal (2)]
  1208 | D:1      | Reached XP level 3. HP: 26/26 MP: 4/6
  1620 | D:2      | Found a runed translucent door.
  1621 | D:2      | Noticed Crazy Yiuf
  1680 | D:2      | HP: 6/27 [poisoned by an adder]
  2042 | D:2      | Found a shadowy altar of Dithmenos.
  2086 | D:2      | Reached skill level 1 in Fighting
  2173 | D:2      | Reached XP level 4. HP: 35/35 MP: 2/7
  2292 | D:2      | Reached skill level 1 in Armour
  2461 | D:2      | Noticed Robin
  2498 | D:2      | Killed Robin
  2797 | D:2      | HP: 9/36 [Crazy Yiuf/+4 quarterstaff of chaos (8)]
  2810 | D:2      | HP: 9/36 [Crazy Yiuf/+4 quarterstaff of chaos (1)]
  2813 | D:2      | Killed Crazy Yiuf
  2813 | D:2      | Reached skill level 2 in Fighting
  2813 | D:2      | Reached skill level 2 in Armour
  3064 | D:3      | Reached XP level 5. HP: 36/42 MP: 8/8
  3215 | D:2      | HP: 10/42 [poisoned by a kobold]
  3220 | D:3      | HP: 6/42 [poisoned by a kobold]
  3222 | D:2      | Succumbed to a kobold's poison

Skill      XL: |  1  2  3  4 |
---------------+-------------+-----
Spellcasting   | 2 |  2.3
Fighting       | 1 2 |  2.4
Armour         | 2 |  2.1
Dodging        | |  1.5
Stealth        | |  1.5
Necromancy     | |  4.6

Action                   |  1- 3 |  4- 6 || total
-------------------------+-------+-------++-------
Melee: Unarmed           |    18 |       ||    18
       Short sword       |    22 |    36 ||    58
 Cast: Pain              |    55 |    27 ||    82
       Animate Skeleton  |     6 |     3 ||     9
  Use: Potion            |       |     2 ||     2
  Eat: Chunk             |     5 |     4 ||     9
Armor: Robe              |     2 |       ||     2
       Ring mail         |    13 |       ||    13
       Scale mail        |       |    34 ||    34
Dodge: Dodged            |    42 |    37 ||    79

Levels and vault maps discovered:
D:1:      lightli_iron_boxes, layout_loops_corners
D:2:      layout_basic, grunt_dithmenos_smoke_and_mirrors,
          uniq_crazy_yiuf_cottage, uniq_robin
D:3:      layout_loops_ring, chequers_ecumenical_altar_grove

Table legend:
 A = Turns spent in this place as a percentage of turns spent in the entire game.
 B = Non-inter-level travel turns spent in this place as a percentage of non-inter-level travel turns spent in the entire game.
 C = Inter-level travel turns spent in this place as a percentage of turns spent in this place.
 D = Turns resting spent in this place as a percentage of non-inter-level travel turns spent in this place.
 E = Turns spent auto-exploring this place as a percentage of non-inter-level travel turns spent in this place.
 F = Non-inter-level travel turns spent in this place divided by the number of levels of this place that you've seen.
                   A       B       C       D       E      F
               +-------+-------+-------+-------+-------+----------------------
         Total | 100.0 | 100.0 |   5.8 |  27.0 |  57.0 | 1011.3
       Dungeon | 100.0 | 100.0 |   5.8 |  27.0 |  57.0 | 1011.3
               +-------+-------+-------+-------+-------+----------------------

Table legend:
 A = Kills in this place as a percentage of kills in entire the game.
 B = Kills by you in this place as a percentage of kills by you in the entire game.
 C = Kills by friends in this place as a percentage of kills by friends in the entire game.
 D = Other kills in this place as a percentage of other kills in the entire game.
 E = Experience gained in this place as a percentage of experience gained in the entire game.
 F = Experience gained in this place divided by the number of levels of this place that you have seen.
                   A       B       C       D       E      F
               +-------+-------+-------+-------+-------+----------------------
         Total | 100.0 | 100.0 |   N/A |   N/A | 100.0 |  57.7
       Dungeon | 100.0 | 100.0 |   N/A |   N/A | 100.0 |  57.7
               +-------+-------+-------+-------+-------+----------------------
